 Dungeon Crawl Stone Soup version 0.30-a0-696-g2367cd04db (webtiles) character file.

Game seed: 978124720059049255

3139 Tocho the Destroyer (level 9, -8/68 HPs)
             Began as a Purple Draconian Conjurer on Jan 21, 2023.
             Was a Believer of Vehumet.
             Mangled by a skeletal warrior
             ... wielding a +0 scimitar
              (27 damage)
             ... on level 7 of the Dungeon.
             The game lasted 00:45:36 (9530 turns).

Tocho the Destroyer (Purple Draconian Conjurer)     Turns: 9530, Time: 00:45:36

Health: -8/68      AC: 16    Str: 10    XL:     9   Next: 61%
Magic:  5/20       EV: 13    Int: 22    God:    Vehumet [**....]
Gold:   560        SH:  0    Dex: 10    Spells: 3/23 levels left

rFire   x x .      SeeInvis .    z - +3 scimitar
rCold   x x .      Faith    .    (no shield)
rNeg    . . .      Spirit   .    (body armour unavailable)
rPois   +          Reflect  .    (helmet restricted)
rElec   .          Harm     +    m - scarf {harm}
rCorr   .          Rampage  .    (no gloves)
Will    +....                    t - +0 pair of boots
Stlth   ++                       g - amulet of Elemental Vulnerability {rPois rF-- rC-- AC+8}
HPRegen 0.31/turn                (no ring)
MPRegen 0.17/turn                (no ring)

@: about to teleport
A: breathe power, AC +7, unfitting armour, cold-blooded
a: Breathe Dispelling Energy, Renounce Religion


You were on level 7 of the Dungeon.
You worshipped Vehumet.
Vehumet was pleased with you.
You visited 2 branches of the dungeon, and saw 9 of its levels.

You collected 560 gold pieces.

Inventory:

Hand Weapons
 b - a +0 short sword
 c - a +1 spear
 k - a +2 whip of venom
 z - a +3 scimitar (weapon)
 A - a +3 battleaxe
Missiles
 j - 5 poisoned darts
Armour
 m - a scarf of harm (worn)
 o - an orb of energy
 t - a +0 pair of boots (worn)
Jewellery
 g - the amulet of Elemental Vulnerability (around neck) {rPois rF-- rC-- AC+8}
   (You found it on level 3 of the Dungeon)

   [amulet of nothing]

   AC:        It affects your AC (+8).
   rF:        It makes you very vulnerable to fire.
   rC:        It makes you very vulnerable to cold.
   rPois:     It protects you from poison.
 n - a ring of ice
Wands
 r - a wand of paralysis (10)
 s - a wand of flame (17)
 u - a wand of light (2)
 y - a wand of roots (11)
Scrolls
 h - 2 scrolls of enchant armour
 x - a scroll of blinking {unknown}
 B - a scroll of poison {unknown}
 D - a scroll of fog {unknown}
Potions
 a - 2 potions of magic
 d - 3 potions of curing
 e - a potion of might
 f - 2 potions of berserk rage
 l - 2 potions of haste
 p - 2 potions of attraction
 q - 2 potions of cancellation
 v - a potion of ambrosia
 w - a potion of brilliance {unknown}
 C - a potion of flight {unknown}


   Skills:
 + Level 2.7 Fighting
 + Level 1.1 Long Blades
 + Level 3.4 Polearms
 + Level 4.7 Dodging
 + Level 4.2 Stealth
 + Level 0.1 Unarmed Combat
 + Level 7.6 Spellcasting
 * Level 8.3 Conjurations
 + Level 1.6 Transmutations
 + Level 1.5 Ice Magic
 * Level 3.9 Evocations


You had 3 spell levels left.
You knew the following spells:

 Your Spells              Type           Power      Damage    Failure   Level
a - Magic Dart            Conj           100%       1d8       1%          1
b - Searing Ray           Conj           90%        2d7       1%          2
c - Dazzling Flash        Conj/Hex       52%        N/A       4%          3
d - Sublimation of Blood  Necr           8%         N/A       12%         2
e - Necrotise             Necr           32%        1d5       8%          1
f - Wereblood             Tmut           15%        N/A       6%          2
g - Freeze                Ice            60%        1d7       4%          1
h - Flame Wave            Conj/Fire      26%        2d8       14%         4
i - Fulminant Prism       Conj/Hex       13%        3d9       14%         4

Your spell library contained the following spells:

 Spells                   Type           Power      Damage    Failure   Level
 Ignite Poison            Fire/Tmut/Pois 10%        N/A       19%         3
 Lesser Beckoning         Tloc           16%        N/A       12%         2
 Inner Flame              Hex/Fire       8%         N/A       22%         3
 Gell's Gravitas          Tloc           8%         N/A       24%         3
 Teleport Other           Tloc           8%         N/A       24%         3
 Vampiric Draining        Necr           8%         2d6       24%         3
 Iskenderun's Mystic Bla  Conj/Tloc      26%        2d7       14%         4
 Sticky Flame             Conj/Fire      26%        2d5       14%         4
 Cause Fear               Hex            4%         N/A       58%         4
 Agony                    Necr           8%         N/A       91%         5
 Summon Forest            Summ/Tloc      4%         N/A       91%         5
 Summon Mana Viper        Hex/Summ       8%         N/A       91%         5
 Summon Cactus Giant      Summ           4%         N/A       100%        6
 Summon Hydra             Summ           4%         N/A       100%        7
 Discord                  Hex            4%         N/A       100%        8


Dungeon Overview and Level Annotations

Branches:
Dungeon (8/15)             Temple (1/1) D:4
   Lair: D:8-11

Altars:
Cheibriados
Dithmenos
Elyvilon
Fedhas
Gozag
Hepliaklqana
Kikubaaqudgha
Okawaru
Qazlal
Ru
Uskayaw
Vehumet
Wu Jian
Xom
Yredelemnul
Zin
The Shining One

Shops:
D:3 =   D:7 (


Innate Abilities, Weirdness & Mutations

You can breathe bolts of dispelling energy.
Your rich purple scales are hard. (AC +7)
You cannot fit into any form of body armour.
You are cold-blooded and may be slowed by cold attacks.


Message History

A kobold comes into view. It is wielding a +0 dagger.
The skeletal warrior hits you with a +0 hand axe!
The skeletal warrior attacks as you move away!
The skeletal warrior barely misses you.
The skeletal warrior attacks as you move away!
The skeletal warrior hits you but does no damage.
There is a stone staircase leading up here.
The skeletal warrior misses you.
You climb upwards.
There is a stone staircase leading down here.
The skeletal warrior hits you but does no damage.
The skeletal warrior attacks as you move away!
The skeletal warrior hits you but does no damage.
The skeletal warrior attacks as you move away!
The skeletal warrior closely misses you.
Your primal bloodlust is almost over.
Casting: Searing Ray (safe; 1% risk of failure)
Confirm with . or Enter, or press ? or * to list all spells.
Aiming: Freeze (safe; 4% risk of failure)
Press: ? - help, Shift-Dir - straight line, f - skeletal warrior
Aim: a skeletal warrior, wielding a +0 scimitar (lightly damaged)
You freeze the skeletal warrior.
The skeletal warrior resists.
The skeletal warrior is lightly damaged.
The skeletal warrior hits you with a +0 scimitar!
Casting: Freeze (safe; 4% risk of failure)
Confirm with . or Enter, or press ? or * to list all spells.
Aiming: Freeze (safe; 4% risk of failure)
Press: ? - help, Shift-Dir - straight line, f/p - skeletal warrior
Aim: a skeletal warrior, wielding a +0 scimitar (lightly damaged)
You freeze the skeletal warrior.
The skeletal warrior resists.
The skeletal warrior is moderately damaged.
The skeletal warrior hits you with a +0 scimitar!
* * * LOW HITPOINT WARNING * * *
The skeletal warrior attacks as you move away!
The skeletal warrior closely misses you.
As you read the scroll of teleportation, it crumbles to dust.
You feel strangely unstable.
Your primal bloodlust has ended.
The skeletal warrior hits you with a +0 scimitar!!
You die...

########...#.#......###.....
#.....#...)......#.###..<...
#.#.#......#.#..##.###......
##..............#....#.......
#..#.#.......##......#.......
#........(...................
#.......###..................
####....# #............#.#.#.
##..## #.@.......##.......
########z#......##.#.#.#.
##....##..#...........
#....#######..#.#.#.#.
##.....##.#.#..#.......
#.......#.....#......##
##......#..........####
#..>..................
#..................#..


You could see a skeletal warrior.

Vanquished Creatures
  A steam dragon (D:6)
  An orc warrior (D:6)
  A sky beast (D:6)
  3 ice beasts
  3 black bears
  An ogre (D:7)
  2 centaurs
  3 phantoms
  Blork the orc (D:5)
  3 scorpions
  3 bullfrogs
  6 wights
  A killer bee (D:7)
  A vampire bat (D:4)
  3 hounds
  3 jellies
  4 orc priests
  A gnoll bouda (D:4)
  3 iguanas (D:5)
  5 orc wizards
  12 adders
  10 gnolls
  A shadow imp (D:7)
  A white imp (D:7)
  An ufetubus (D:7)
  A worm (D:5)
  5 dart slugs
  3 fire bats (D:4)
  30 orcs
  2 spectral bats (D:4)
  7 ball pythons
  19 bats
  3 bat skeletons (D:4)
  A bat zombie (D:4)
  11 endoplasms
  3 giant cockroaches
  4 goblins
  8 hobgoblins
  5 jackals
  2 quokkas
  A bat simulacrum (D:4)
  6 frilled lizards
  10 kobolds
  8 rats
203 creatures vanquished.

Vanquished Creatures (others)
  4 fulminant prisms (D:8)
  13 plants
17 creatures vanquished.

Grand Total: 220 creatures vanquished

Notes
Turn   | Place    | Note
-------+----------+-------------------------------------------
     0 | D:1      | Tocho the Draconian Conjurer began the quest for the Orb.
     0 | D:1      | Reached XP level 1. HP: 14/14 MP: 3/3
   184 | D:1      | Reached XP level 2. HP: 20/20 MP: 5/5
   478 | D:1      | Reached XP level 3. HP: 26/26 MP: 6/6
  1463 | D:2      | Reached skill level 1 in Polearms
  1490 | D:2      | Reached skill level 5 in Conjurations
  1541 | D:2      | Reached XP level 4. HP: 33/33 MP: 5/7
  1714 | D:2      | Learned a level 2 spell: Searing Ray
  1718 | D:2      | Learned a level 3 spell: Dazzling Flash
  2269 | D:3      | Found the amulet of Elemental Vulnerability {rPois rF--
                  | rC-- AC+8}
  2276 | D:3      | Found Moad Aky's Jewellery Emporium.
  2437 | D:3      | Learned a level 2 spell: Sublimation of Blood
  2457 | D:3      | Reached XP level 5. HP: 16/38 MP: 0/9
  2755 | D:3      | Found a faded altar of an unknown god.
  3148 | D:3      | Identified the +6 scale mail of Inviolability {rC+ Int+3}
  3480 | D:4      | Reached skill level 1 in Fighting
  3589 | D:4      | Reached XP level 6. HP: 47/47 MP: 4/10
  4281 | D:4      | Found a staircase to the Ecumenical Temple.
  4328 | Temple   | Entered the Ecumenical Temple
  4578 | Temple   | Became a worshipper of Vehumet
  4613 | D:4      | Found a glowing golden altar of the Shining One.
  4981 | D:4      | Your scales start taking on a rich purple colour.
  4981 | D:4      | Reached XP level 7. HP: 53/53 MP: 5/13
  5303 | D:4      | Learned a level 1 spell: Necrotise
  5306 | D:4      | Learned a level 2 spell: Wereblood
  5308 | D:5      | Entered Level 5 of the Dungeon
  5311 | D:5      | Reached * piety under Vehumet
  5311 | D:5      | Offered knowledge of Freeze by Vehumet.
  5416 | D:5      | Found an opulent altar of Gozag.
  5556 | D:5      | Noticed Blork the orc
  5560 | D:5      | Learned a level 1 spell: Freeze
  5569 | D:5      | Killed Blork the orc
  5760 | D:5      | Reached skill level 5 in Spellcasting
  5760 | D:5      | Reached skill level 6 in Conjurations
  6023 | D:5      | Found a hide-covered altar of Uskayaw.
  6505 | D:6      | Reached XP level 8. HP: 61/61 MP: 9/16
  6674 | D:6      | Reached skill level 1 in Evocations
  6679 | D:6      | Learned a level 4 spell: Flame Wave
  6931 | D:6      | Reached skill level 1 in Ice Magic
  7315 | D:6      | Reached skill level 7 in Conjurations
  7523 | D:6      | Identified the +2 falchion of Gussier {venom, Str+3 Dex+3}
  7538 | D:6      | Reached ** piety under Vehumet
  7538 | D:6      | Offered knowledge of Sandblast by Vehumet.
  7829 | D:6      | Reached XP level 9. HP: 67/68 MP: 9/19
  8615 | D:7      | Reached skill level 8 in Conjurations
  8735 | D:7      | Found Acahatae's Weapon Emporium.
  8814 | D:7      | Reached skill level 1 in Long Blades
  9004 | D:7      | Found an ancient bone altar of Kikubaaqudgha.
  9210 | D:7      | Learned a level 4 spell: Fulminant Prism
  9225 | D:8      | Noticed a skeletal warrior
  9235 | D:8      | Reached skill level 1 in Transmutations
  9237 | D:7      | Offered knowledge of Ignite Poison by Vehumet.
  9503 | D:8      | Noticed a skeletal warrior
  9504 | D:8      | Noticed a skeletal warrior
  9530 | D:7      | Mangled by a skeletal warrior

Illustrated notes

Levels and vault maps discovered:
D:1:      minmay_arrival_three_doors, layout_loops_ring
D:2:      layout_rooms, serial_forest, infiniplex_forest_clump_diagonal,
          infiniplex_forest_lined_room_3, infiniplex_forest_lined_corner,
          infiniplex_forest_end_1, infiniplex_forest_clump_double,
          infiniplex_forest_lined_corner, infiniplex_forest_lined_1,
          infiniplex_forest_lined_4_way, infiniplex_forest_straight_2,
          minivault_4
D:3:      layout_basic, ebering_ecumenical_altar_box, serial_shops, shop
D:4:      layout_cave_pools, tso_altar, temple_green, kennysheep_diamond,
          chequers_jeans, goddamned_bats
D:5:      layout_cave_pools, mainiacjoe_overflow_catwalk,
          eat_drink_and_be_merry_uskayaw, minivault_27,
          guppyfry_early_lair_pool, uniq_blork_the_orc
D:6:      wander_river, layout_layer_cave, minmay_misc_feat_more_columns
D:7:      layout_cave_pools, nicolae_overflow_crystal_walls, serial_glass,
          glass_columns_b, glass_columns_a, glass_columns_b, glass_columns_a,
          glass_columns_a, glass_columns_b, item_on_display_a,
          item_on_display_a, minmay_strange_pillars, minmay_strange_pillars,
          serial_shops, shop_coins
D:8:      layout_rooms, ashenzari_altar_1, mainiacjoe_overflow_six_doors_small,
          serial_shops, shop
Temple:   nicolae_temple_figure_eight

Skill      XL: |  1  2  3  4  5  6  7  8  9 |
---------------+----------------------------+-----
Stealth        | 2 3 4 |  4.2
Polearms       | 1 2 3 |  3.4
Conjurations   | 5 6 7 8 |  8.3
Dodging        | 2 3 4 |  4.7
Spellcasting   | 3 4 5 6 7 |  7.6
Fighting       | 1 2 |  2.7
Evocations     | 2 3 |  3.9
Ice Magic      | 1 |  1.5
Long Blades    | 1 |  1.1
Transmutations | 1 |  1.6
Unarmed Combat | |  0.1

Action                   |  1- 3 |  4- 6 |  7- 9 || total
-------------------------+-------+-------+-------++-------
Melee: Spear             |    58 |   118 |     3 ||   179
       Unarmed           |    14 |       |       ||    14
       Tailslap          |     7 |    11 |     2 ||    20
       Short sword       |     4 |       |       ||     4
       Scimitar          |       |       |    14 ||    14
 Cast: Magic Dart        |    66 |    37 |    52 ||   155
       Searing Ray       |       |    51 |    70 ||   121
       Freeze            |       |       |     9 ||     9
       Wereblood         |       |       |     7 ||     7
       Fulminant Prism   |       |       |     4 ||     4
 Abil: Breathe Dispellin |       |       |     6 ||     6
  Use: Scroll            |       |     6 |     7 ||    13
       Potion            |       |     2 |     1 ||     3
 Stab: Sleeping          |     4 |     3 |       ||     7
Armor: Skin              |    26 |    81 |    53 ||   160
Dodge: Dodged            |    52 |   112 |    59 ||   223

Table legend: (Time is in decaauts)
 A = Elapsed time spent in this place.
 B = Non-inter-level travel time spent in this place.
 C = Inter-level travel time spent in this place.
 D = Time resting spent in this place.
 E = Time spent auto-exploring this place.
 F = Levels seen in this place.
 G = Mean time per level.
                   A        B        C        D        E       F      G
               +--------+--------+--------+--------+--------+-----+--------+
         Total |   9571 |   9188 |    383 |   1033 |   6568 |   9 | 1063.4 |
       Dungeon |   9300 |   8973 |    327 |   1033 |   6377 |   8 | 1162.5 |
        Temple |    270 |    214 |     56 |      0 |    191 |   1 |  270.0 |
               +--------+--------+--------+--------+--------+-----+--------+

Top non-repeatable levels by time:
     D:6: 1988 daAuts
     D:4: 1569 daAuts
     D:3: 1278 daAuts
     D:1: 1232 daAuts
     D:5: 1109 daAuts
     D:2: 1057 daAuts
     D:7: 1017 daAuts
  Temple: 270 daAuts
     D:8: 46 daAuts
